Map: Blackpink LE

Players

Lambo

  • Race: Zerg Zerg
  • League: Grandmaster
  • Spawn Location: 7:00

Solar - Winner!

  • Race: Zerg Zerg
  • Spawn Location: 1:00

Event: HomeStory Cup XVI

VOD

Have the link to the VOD?

Description

Time

  • Played on: Nov. 9, 2017, 1:37 p.m.
  • Length: 7:47

All games in this series

Show
View Real Time Build Order
Export as new Build Order

Lambo Zerg 

Build Orders: Hatch First 

Get SALT Encoding   

  12  0:00  Drone  
  13  0:12  Overlord  
  13  0:17  Drone  
  14  0:31  Drone x2  
  16  0:35  Drone  
  17  0:52  Hatchery  
  17  0:54  Drone  
  17  0:58  Drone  
  18  1:08  Extractor  
  17  1:13  Spawning Pool  
  17  1:16  Drone  
  17  1:19  Drone  
  18  1:28  Drone  
  19  1:39  Overlord  
  19  1:49  Drone  
  20  2:00  Queen  
  20  2:01  Zergling x2  
  23  2:04  Queen, Zergling x2  
  23  2:07  Metabolic Boost  
  26  2:11  Drone  
  26  2:15  Drone  
  28  2:22  Drone  
  29  2:26  Drone  
  30  2:37  Hatchery, Zergling x2  
  30  2:47  Baneling Nest, Drone  
  30  2:50  Drone  
  31  2:56  Overlord  
  31  2:59  Zergling x2  
  31  3:04  Drone x2  
  34  3:11  Drone x2  
  36  3:21  Zergling x12  
  41  3:28  Zergling x2  
  41  3:32  Overlord  
  42  3:34  Baneling x2  
  42  3:35  Baneling  
  42  3:37  Baneling x2  
  42  3:40  Drone  
  43  3:54  Drone x3  
  46  3:58  Drone x3  
  46  4:00  Queen  
  49  4:03  Drone x2  
  49  4:07  Drone x2  
  49  4:09  Overlord  
  52  4:11  Zergling x2  
  52  4:14  Extractor  
  51  4:20  Zergling x2  
  51  4:21  Zergling x2  
  52  4:26  Roach Warren, Zergling x4  
  52  4:27  Evolution Chamber  
  52  4:29  Zergling x2  
  52  4:30  Zergling x4  
  52  4:31  Baneling x2  
  55  4:33  Zergling x2  
  55  4:43  Overlord  
  55  4:44  Drone  
  56  4:53  Overlord  
  56  4:56  Overlord  
  56  4:58  Overlord  
  52  5:08  Overlord  
  52  5:10  Roach  
  52  5:11  Roach x6  
  52  5:13  Roach  
  68  5:18  Roach x2  
  72  5:23  Overlord  
  72  5:25  Roach  
  70  5:29  Roach  
  70  5:30  Zergling x4  
  70  5:34  Zergling x4  
  70  5:35  Zergling x2  
  77  5:37  Zergling x4  
  78  5:43  Zergling x4  
  78  5:44  Zergling x2  
  78  5:47  Zergling x4  
  78  5:48  Zergling x2  
  82  5:52  Zergling x4  
  82  5:56  Zergling x6  
  86  6:01  Baneling x2  
  86  6:02  Zergling x4  
  88  6:06  Ravager  
  88  6:08  Zergling x6  
  87  6:12  Baneling x5  
  87  6:13  Zergling x2  
  87  6:17  Zergling x4  
  90  6:20  Zergling x4  
  90  6:24  Zergling x4  
  90  6:25  Zergling x2  
  88  6:27  Zergling x2  
  88  6:28  Zergling x2  
  88  6:29  Baneling  
  88  6:33  Zergling x4  
  88  6:39  Zergling x8  
  88  6:45  Ravager, Zergling x6  
  82  6:48  Zergling x2  
  82  6:52  Zergling x6  
  81  6:56  Zergling x4  
  81  6:57  Zergling x2  
  78  7:02  Zergling x4  
  78  7:05  Roach  
  78  7:07  Roach  
  77  7:10  Roach  
  77  7:13  Roach x2  
  77  7:15  Ravager x2  
  84  7:19  Roach, Zergling x2  
  87  7:23  Zergling x4  
Show
View Real Time Build Order
Export as new Build Order

Solar Zerg - Winner!

Build Orders: Hatch First 

Get SALT Encoding   

  12  0:00  Drone  
  13  0:12  Overlord  
  13  0:16  Drone  
  14  0:30  Drone x2  
  14  0:34  Drone  
  17  0:52  Hatchery  
  17  0:54  Drone  
  17  0:57  Drone  
  17  1:03  Extractor  
  17  1:12  Spawning Pool  
  17  1:15  Drone  
  17  1:19  Drone  
  18  1:28  Drone  
  19  1:39  Drone  
  20  1:48  Overlord  
  20  1:59  Queen  
  22  2:04  Queen  
  22  2:05  Zergling x4  
  22  2:06  Metabolic Boost  
  26  2:11  Drone  
  26  2:15  Drone  
  28  2:24  Drone  
  28  2:25  Baneling Nest  
  28  2:26  Drone  
  29  2:33  Drone  
  29  2:36  Drone  
  31  2:52  Hatchery  
  31  2:54  Zergling x2  
  31  2:56  Drone  
  31  2:58  Overlord  
  32  3:00  Drone  
  34  3:05  Zergling x2  
  34  3:09  Drone  
  34  3:10  Baneling  
  35  3:14  Drone  
  35  3:17  Drone x3  
  39  3:21  Drone  
  39  3:22  Drone  
  39  3:23  Zergling x2  
  42  3:30  Overlord, Baneling  
  42  3:35  Drone  
  42  3:38  Zergling x2  
  44  3:48  Queen, Overlord  
  46  3:49  Baneling  
  46  3:50  Drone  
  46  3:51  Zergling x2  
  48  3:58  Zergling x4  
  48  4:00  Baneling  
  48  4:02  Baneling  
  46  4:03  Zergling x2  
  46  4:06  Zergling x2  
  46  4:09  Zergling x2  
  50  4:10  Zergling x4  
  50  4:21  Drone x2  
  50  4:22  Drone x2  
  52  4:25  Drone  
  52  4:26  Overlord  
  52  4:27  Drone  
  54  4:31  Evolution Chamber  
  54  4:32  Drone  
  54  4:33  Drone  
  54  4:37  Drone  
  54  4:38  Drone  
  56  4:40  Drone  
  56  4:42  Lair  
  56  4:44  Drone  
  58  4:48  Extractor  
  58  4:49  Baneling  
  58  4:52  Drone  
  57  4:54  Drone  
  57  4:58  Drone x2  
  57  4:59  Zerg Missile Weapons Level 1  
  60  5:00  Roach Warren  
  60  5:02  Extractor  
  60  5:04  Drone  
  60  5:05  Drone  
  60  5:06  Drone  
  61  5:08  Drone x3  
  61  5:09  Overlord  
  64  5:14  Drone x2  
  64  5:17  Extractor  
  64  5:20  Overlord  
  67  5:23  Drone x2  
  65  5:29  Extractor, Drone  
  65  5:30  Drone  
  65  5:32  Overlord  
  66  5:36  Spine Crawler  
  66  5:40  Roach x3  
  66  5:41  Roach x3  
  78  5:42  Baneling x2  
  78  5:44  Roach  
  78  5:45  Roach  
  78  5:48  Roach  
  80  5:51  Roach x2  
  80  5:54  Roach  
  80  5:56  Glial Reconstitution  
  85  6:01  Overlord  
  84  6:05  Roach x2  
  84  6:06  Roach  
  84  6:09  Roach  
  84  6:10  Roach  
  93  6:12  Roach  
  93  6:18  Roach  
  97  6:25  Roach  
  96  6:26  Roach  
  96  6:27  Roach x2  
  96  6:29  Roach x2  
  96  6:30  Roach  
  96  6:32  Roach  
  102  6:36  Roach  
  102  6:39  Roach x2  
  96  6:40  Roach  
  96  6:42  Queen  
  96  6:45  Roach  
  96  6:46  Zergling x4  
  91  6:51  Roach x2  
  83  6:57  Roach  
  85  7:01  Roach  
  85  7:06  Baneling  
  85  7:07  Queen  
  82  7:09  Roach  
  82  7:14  Roach  
  86  7:17  Drone  
  86  7:18  Roach  
  86  7:20  Roach  
  86  7:21  Zergling x4  
  93  7:25  Roach  
Tags
 
Add a new tag
Caveats
  • Supply blocks, unpowered buildings, or Contaminate may cause inaccurate times.
  • Supply counts are checked every 10 seconds.